 Dungeon Sprint DCSS version 0.27-a0-1322-gfdffb62a71 (webtiles) character file.

Game seed: 16317539430842309865

323 rocky1 the Blocker (level 6, -9/55 HPs)
             Began as a Formicid Fighter on June 23, 2021.
             Was a High Priest of Cheibriados.
             Killed from afar by Erica (34 damage)
             ... with a bolt of poison
             ... in the Dungeon (Sprint VII: "The Pits").
             The game lasted 00:01:54 (530 turns).

rocky1 the Blocker (Formicid Fighter)                Turns: 530, Time: 00:01:54

Health: -9/55      AC: 13    Str: 35    XL:     6   Next: 77%
Magic:  9/9        EV: 11    Int: 19    God:    Cheibriados [*****.]
Gold:   0          SH: 14    Dex: 22    Spells: 5/5 levels left

rFire    . . .     SeeInvis +   d - +1 hand axe (vorpal)
rCold    . . .     Faith    .   c - +0 kite shield
rNeg     . . .     Spirit   .   l - +3 chain mail
rPois    .         Reflect  .   (helmet unavailable)
rElec    .         Harm     .   (no cloak)
rCorr    .         Rampage  .   (no gloves)
Will     .....                  (no boots)
Stlth    ..........             (no amulet)
HPRegen  0.18/turn              (no ring)
MPRegen  0.11/turn              (no ring)

@: lethally poisoned (-9 -> -34), very slow
A: permanent stasis, dig shafts and tunnels, antennae 3, four strong arms
a: Dig, Renounce Religion, Bend Time, Temporal Distortion, Slouch, Step From
Time


You were in the Dungeon.
You worshipped Cheibriados.
Cheibriados was extremely pleased with you.
You visited 1 branch

Inventory:

Hand Weapons
 d - a +1 vorpal hand axe (weapon)
 k - a +2 hand axe
Armour
 c - a +0 kite shield (worn)
 l - a +3 chain mail (worn)
Scrolls
 i - 5 scrolls of amnesia
 j - a scroll of summoning
Potions
 e - 6 potions of curing
 f - 6 potions of heal wounds
 g - 4 potions of magic
 h - 2 potions of invisibility


   Skills:
 + Level 7.2 Fighting
 + Level 6.5 Axes
 + Level 7.2 Armour
 + Level 3.4 Dodging
 + Level 8.1 Shields
 + Level 4.0 Invocations


You had 5 spell levels left.
You didn't know any spells.
Your spell library was empty.

Dungeon Overview and Level Annotations

Branches:
Dungeon (1/1)

Altars:
Ashenzari
Cheibriados
Dithmenos
Elyvilon
Fedhas
Gozag
Hepliaklqana
Kikubaaqudgha
Makhleb
Nemelex Xobeh
Okawaru
Qazlal
Ru
Sif Muna
Trog
Uskayaw
Vehumet
Wu Jian
Xom
Yredelemnul
Zin
The Shining One
Beogh
Jiyva
Lugonu

Annotations:
D Erica


Innate Abilities, Weirdness & Mutations

You cannot be hasted, slowed, berserked, paralysed or teleported.
You can dig through walls and to a lower floor.
You have a pair of large antennae on your head. (SInv)
Your four strong arms can wield two-handed weapons with a shield.


Message History

No target in view!
Items here: ) †††.
You start resting.
Magic restored.
You start resting.
HP restored.
As you open the door, it creaks loudly!
An iron imp comes into view.
The iron imp shouts, "Flounder, thou hateful weather-bitten coxcomb!"
You hit the iron imp but do no damage. You block the iron imp's attack.
You hit the iron imp.
The iron imp is moderately wounded.
You block the iron imp's attack.
You slash the iron imp!
You kill the iron imp!
Cheibriados appreciates the change of pace.
Your Invocations skill increases to level 4!
There is an open door here.
You open the door.
Erica the Fiery-Tempered comes into view.
She is wielding a +4 scimitar of flaming.
Erica shouts!
You hit Erica but do no damage. Erica hits you but does no damage.
You closely miss Erica. Erica casts a spell at you.
The lance of force hits you!
You are knocked back by the lance of force.
You slam into the metal wall!
You hit Erica but do no damage. You block Erica's attack.
You hit Erica but do no damage. Erica hits you but does no damage.
You block Erica's attack.
You closely miss Erica. Erica gestures at you while chanting.
The bolt of poison hits you!
You are poisoned.
You hit Erica but do no damage.
You feel very sick.
Erica points at you and mumbles some strange words.
The bolt of poison hits you!!
You are lethally poisoned!
Ouch! That really hurt!
You die...

#.#........##.......#
#'###########.......#
#.......#{{ #########
{ #..#.#..#{
#.##.##.#{ {
#.).....#+# {
#.##.##.#.+ { {
#..#.#..#@# {{
#.......'@# {{
###########


You could see Erica.

Vanquished Creatures
  A fire bat (D)
  A warg (D)
  An iron imp (D)
  A gnoll (D)
  An ufetubus (D)
  An adder skeleton (D)
  An adder zombie (D)
  An endoplasm (D)
  A goblin (D)
  A hobgoblin (D)
  4 jackals (D)
  2 frilled lizards (D)
  3 rats (D)
19 creatures vanquished.

Notes
Turn   | Place    | Note
-------+----------+-------------------------------------------
     0 | D        | rocky1 the Formicid Fighter began the quest for the Orb.
     0 | D        | Reached XP level 1. HP: 18/18 MP: 1/1
    32 | D        | Found a bloodstained altar of Trog.
    32 | D        | Found a shimmering blue altar of Sif Muna.
    32 | D        | Found a viscous altar of Jiyva.
    32 | D        | Found a hazy altar of Hepliaklqana.
    32 | D        | Found an opulent altar of Gozag.
    33 | D        | Found a glowing golden altar of the Shining One.
    33 | D        | Found a glowing silver altar of Zin.
    33 | D        | Found a basalt altar of Yredelemnul.
    33 | D        | Found a shimmering altar of Xom.
    33 | D        | Found an ornate altar of the Wu Jian Council.
    33 | D        | Found a sacrificial altar of Ru.
    33 | D        | Found a stormy altar of Qazlal.
    33 | D        | Found an iron altar of Okawaru.
    33 | D        | Found a sparkling altar of Nemelex Xobeh.
    33 | D        | Found a burning altar of Makhleb.
    33 | D        | Found a blossoming altar of Fedhas.
    33 | D        | Found a white marble altar of Elyvilon.
    33 | D        | Found a shadowy altar of Dithmenos.
    33 | D        | Found a snail-covered altar of Cheibriados.
    36 | D        | Found a corrupted altar of Lugonu.
    36 | D        | Found a radiant altar of Vehumet.
    37 | D        | Found an ancient bone altar of Kikubaaqudgha.
    37 | D        | Found a hide-covered altar of Uskayaw.
    37 | D        | Found a broken altar of Ashenzari.
    44 | D        | Became a worshipper of Cheibriados the Contemplative
   107 | D        | Reached skill level 4 in Shields
   107 | D        | Reached XP level 2. HP: 20/25 MP: 2/2
   168 | D        | Reached * piety under Cheibriados
   171 | D        | Reached ** piety under Cheibriados
   178 | D        | Reached *** piety under Cheibriados
   233 | D        | Noticed a warg
   245 | D        | Killed a warg
   246 | D        | Reached skill level 5 in Axes
   246 | D        | Reached skill level 1 in Dodging
   246 | D        | Reached skill level 7 in Shields
   246 | D        | Reached XP level 3. HP: 14/34 MP: 3/3
   246 | D        | Reached XP level 4. HP: 16/40 MP: 4/4
   246 | D        | Reached XP level 5. HP: 19/46 MP: 5/5
   246 | D        | Reached **** piety under Cheibriados
   436 | D        | Noticed a fire bat
   456 | D        | Reached ***** piety under Cheibriados
   457 | D        | Killed a fire bat
   458 | D        | Reached XP level 6. HP: 43/55 MP: 5/8
   460 | D        | Reached skill level 8 in Shields
   524 | D        | Noticed Erica
   530 | D        | Killed from afar by Erica

Illustrated notes

Levels and vault maps discovered:
D:        pitsprint [storerooms_1, entrance_room_1, metal_vault_2, armoury_3,
          mini_pit_1, grid_room_1, main_hall_1, silver_pit, the_coven_2,
          the_vestibule_1, steel_vault_4, golden_pit, hallway_of_sentries,
          crystal_vault_2, iron_vault_1, final_vault]

Skill      XL: |  1  2  3  4  5  6 |
---------------+-------------------+-----
Armour         | 4 6 7 |  7.2
Shields        | 4 7 8 |  8.1
Fighting       | 6 7 |  7.2
Axes           | 5 6 |  6.5
Dodging        | 1 3 |  3.4
Invocations    | 3 4 |  4.0

Action                   |  1- 3 |  4- 6 || total
-------------------------+-------+-------++-------
Melee: War axe           |    13 |       ||    13
       Hand axe          |    34 |    29 ||    63
  Use: Potion            |     1 |       ||     1
Armor: Scale mail        |    27 |     3 ||    30
       Chain mail        |       |     9 ||     9
Dodge: Dodged            |    23 |     8 ||    31
Block: Kite shield       |    26 |    20 ||    46

Table legend: (Time is in decaauts)
 A = Elapsed time spent in this place.
 B = Non-inter-level travel time spent in this place.
 C = Inter-level travel time spent in this place.
 D = Time resting spent in this place.
 E = Time spent auto-exploring this place.
 F = Levels seen in this place.
 G = Mean time per level.
                   A        B        C        D        E       F      G
               +--------+--------+--------+--------+--------+-----+--------+
         Total |    620 |    620 |      0 |    264 |      0 |   1 |  620.0 |
       Dungeon |    620 |    620 |      0 |    264 |      0 |   1 |  620.0 |
               +--------+--------+--------+--------+--------+-----+--------+

Top non-repeatable levels by time:
       D: 620 daAuts
